PAA
SUN PRAIRIE SWALLOWS @ MERCER ISLAND SCREAMING EAGLES
06/03/2025
 
TOP OF THE 1ST
Sun Prairie Swallows batting - Pitching for Mercer Island Screaming Eagles : RHP Calvin Beck
Pitching: RHP Calvin Beck
Batting: RHB José Silva 0-0: Ball
1-0: Ball
2-0: Called Strike
2-1: Called Strike
2-2: Foul Ball, location: 2F
2-2: Fly out, F4 (Popup, 4)
Batting: RHB Ghislain Vespucci 0-0: Ball
1-0: Ground out 6-3 (Groundball, 6S)
Batting: LHB Jorge Borbón 0-0: Ball
1-0: Called Strike
1-1: Ground out 3-1 (Groundball, 34S)
Top of the 1st over - 0 run(s), 0 hit(s), 0 error(s), 0 left on base; Sun Prairie 0 - Mercer Island 0
BOTTOM OF THE 1ST
Mercer Island Screaming Eagles batting - Pitching for Sun Prairie Swallows : LHP Oliver De Jesús
Pitching: LHP Oliver De Jesús
Batting: RHB Gerjan de Best 0-0: SINGLE (Groundball, 4MD)
Batting: RHB Hank Scorpio 0-0: DOUBLE (Line Drive, 7)
Gerjan de Best to third
Batting: RHB Vincente Flores 0-0: Foul Ball, location: 2F
0-1: Called Strike
0-2: Foul Ball, location: 2F
0-2: Fly out, F4 (Popup, 34D)
Batting: RHB Leonardo Ramírez 0-0: Ball
1-0: Swinging Strike
1-1: Ball
2-1: Swinging Strike
2-2: Fly out, F8 (Flyball, 8LD)
Runner from 3rd tags up, SCORES, no throw
Hank Scorpio to third
Batting: RHB Marcos Reyes 0-0: Called Strike
0-1: Swinging Strike
0-2: Ball
1-2: Strikes out swinging
Bottom of the 1st over - 1 run(s), 2 hit(s), 0 error(s), 1 left on base; Sun Prairie 0 - Mercer Island 1
TOP OF THE 2ND
Sun Prairie Swallows batting - Pitching for Mercer Island Screaming Eagles : RHP Calvin Beck
Batting: RHB Luis Hernández 0-0: Called Strike
0-1: Called Strike
0-2: Ball
1-2: Foul Ball, location: 2F
1-2: Strikes out swinging
Batting: LHB Carlos Garza 0-0: Called Strike
0-1: Called Strike
0-2: Ball
1-2: Foul Ball, location: 2F
1-2: Ball
2-2: Ball
3-2: Base on Balls
Batting: RHB José Sánchez 0-0: Foul Ball, location: 2F
0-1: Swinging Strike
0-2: Strikes out swinging
Batting: RHB Matías Torrella 0-0: Ball
1-0: Foul Ball, location: 2F
1-1: Called Strike
1-2: Ball
2-2: Ball
3-2: Foul Ball, location: 2F
3-2: Ground out 5-3 (Groundball, 5S)
Top of the 2nd over - 0 run(s), 0 hit(s), 0 error(s), 1 left on base; Sun Prairie 0 - Mercer Island 1
BOTTOM OF THE 2ND
Mercer Island Screaming Eagles batting - Pitching for Sun Prairie Swallows : LHP Oliver De Jesús
Batting: SHB León Estrada 0-0: Fly out, F9 (Flyball, 9LM)
Batting: RHB Robert Paulsen 0-0: Ball
1-0: Fly out, F7 (Flyball, 7)
Batting: RHB Sergio Anruvio 0-0: Foul Ball, location: 2F
0-1: Ball
1-1: Ball
2-1: Foul Ball, location: 2F
2-2: Ball
3-2: Ground out 6-3 (Groundball, 56)
Bottom of the 2nd over - 0 run(s), 0 hit(s), 0 error(s), 0 left on base; Sun Prairie 0 - Mercer Island 1
TOP OF THE 3RD
Sun Prairie Swallows batting - Pitching for Mercer Island Screaming Eagles : RHP Calvin Beck
Batting: RHB Dan Hart 0-0: Bunt for hit - play at first, batter safe!
Batting: RHB Darby Carveth 0-0: Foul Ball, location: 2F
0-1: Ball
1-1: Fly out, F9 (Flyball, 9LM)
Batting: RHB José Silva 0-0: Ball
1-0: Ball
2-0: Called Strike
2-1: Ball
3-1: Foul Ball, location: 2F
3-2: SINGLE (Groundball, 3) (infield hit)
Dan Hart to second
Batting: RHB Ghislain Vespucci 0-0: Called Strike
0-1: Swinging Strike
0-2: Strikes out swinging
Batting: LHB Jorge Borbón 0-0: Ball
1-0: Foul Ball, location: 2F
1-1: Foul Ball, location: 2F
1-2: SINGLE (Line Drive, 34)
Dan Hart to third
José Silva to second
Batting: RHB Luis Hernández 0-0: Ball
1-0: Fly out, F8 (Flyball, 8RM)
Top of the 3rd over - 0 run(s), 3 hit(s), 0 error(s), 3 left on base; Sun Prairie 0 - Mercer Island 1
BOTTOM OF THE 3RD
Mercer Island Screaming Eagles batting - Pitching for Sun Prairie Swallows : LHP Oliver De Jesús
Batting: RHB Alfredo García 0-0: Ball
1-0: Ground out 5-3 (Groundball, 5S)
Batting: RHB Gerjan de Best 0-0: Swinging Strike
0-1: Ball
1-1: Swinging Strike
1-2: Strikes out swinging
Batting: RHB Hank Scorpio 0-0: Ground out 5-3 (Groundball, 56S)
Bottom of the 3rd over - 0 run(s), 0 hit(s), 0 error(s), 0 left on base; Sun Prairie 0 - Mercer Island 1
TOP OF THE 4TH
Sun Prairie Swallows batting - Pitching for Mercer Island Screaming Eagles : RHP Calvin Beck
Batting: LHB Carlos Garza 0-0: Foul Ball, location: 2F
0-1: Foul Ball, location: 2F
0-2: Ball
1-2: Strikes out swinging
Batting: RHB José Sánchez 0-0: Ball
1-0: Called Strike
1-1: Foul Ball, location: 2F
1-2: Ball
2-2: Foul Ball, location: 2F
2-2: Strikes out swinging
Batting: RHB Matías Torrella 0-0: Ground out 6-3 (Groundball, 6)
Top of the 4th over - 0 run(s), 0 hit(s), 0 error(s), 0 left on base; Sun Prairie 0 - Mercer Island 1
BOTTOM OF THE 4TH
Mercer Island Screaming Eagles batting - Pitching for Sun Prairie Swallows : LHP Oliver De Jesús
Batting: RHB Vincente Flores 0-0: Ball
1-0: Fly out, F5 (Popup, 5D)
Batting: RHB Leonardo Ramírez 0-0: Foul Ball, location: 2F
0-1: SINGLE (Flyball, 3D)
Batting: RHB Marcos Reyes 0-0: Ball
1-0: Fly out, F8 (Flyball, 89D)
Batting: SHB León Estrada Balk!
Leonardo Ramírez to second
0-0: DOUBLE (Line Drive, 78M)
Leonardo Ramírez scores
Batting: RHB Robert Paulsen 0-0: Ball
1-0: Called Strike
1-1: SINGLE (Flyball, 8RS)
León Estrada to third
Runner from 3rd tries for Home, throw and OUT!
Bottom of the 4th over - 1 run(s), 3 hit(s), 0 error(s), 1 left on base; Sun Prairie 0 - Mercer Island 2
TOP OF THE 5TH
Sun Prairie Swallows batting - Pitching for Mercer Island Screaming Eagles : RHP Calvin Beck
Batting: RHB Dan Hart 0-0: Foul Ball, location: 2F
0-1: Foul Ball, location: 2F
0-2: Ball
1-2: Ground out 4-3 (Groundball, 4)
Batting: RHB Darby Carveth 0-0: Called Strike
0-1: Swinging Strike
0-2: Ball
1-2: Strikes out swinging
Batting: RHB José Silva 0-0: Foul Ball, location: 2F
0-1: Called Strike
0-2: Strikes out swinging
Top of the 5th over - 0 run(s), 0 hit(s), 0 error(s), 0 left on base; Sun Prairie 0 - Mercer Island 2
BOTTOM OF THE 5TH
Mercer Island Screaming Eagles batting - Pitching for Sun Prairie Swallows : LHP Oliver De Jesús
Batting: RHB Sergio Anruvio 0-0: Ball
1-0: Fly out, F7 (Line Drive, 7)
Batting: RHB Alfredo García 0-0: Called Strike
0-1: Foul Ball, location: 2F
0-2: SINGLE (Line Drive, 56D)
Batting: RHB Gerjan de Best 0-0: Ball
1-0: Foul Ball, location: 2F
1-1: Swinging Strike
1-2: Ball
2-2: Foul Ball, location: 2F
2-2: Fly out, F8 (Flyball, 8RS)
Pitching: RHP Horacio Pérez
Batting: RHB Hank Scorpio 0-0: Ball
1-0: Foul Ball, location: 2F
1-1: Ball
Alfredo García steals 2nd base
2-1: SINGLE (Line Drive, 89S)
Alfredo García to third
Runner from 3rd tries for Home, SAFE, no throw
Batting: RHB Vincente Flores 0-0: Ball
1-0: Ball
2-0: Foul Ball, location: 2F
2-1: Ball
3-1: Called Strike
3-2: Strikes out looking
Bottom of the 5th over - 1 run(s), 2 hit(s), 0 error(s), 1 left on base; Sun Prairie 0 - Mercer Island 3
TOP OF THE 6TH
Sun Prairie Swallows batting - Pitching for Mercer Island Screaming Eagles : RHP Calvin Beck
Batting: RHB Ghislain Vespucci 0-0: Foul Ball, location: 2F
0-1: Foul Ball, location: 2F
0-2: Ground out 6-3 (Groundball, 6)
Batting: LHB Jorge Borbón 0-0: Ball
1-0: Called Strike
1-1: Called Strike
1-2: Ball
2-2: DOUBLE (Groundball, 3L)
Batting: RHB Luis Hernández 0-0: Swinging Strike
0-1: Fly out, F8 (Flyball, 8RS)
Batting: LHB Carlos Garza 0-0: Ball
1-0: SINGLE (Line Drive, 78S)
Jorge Borbón to third
Batting: RHB José Sánchez 0-0: SINGLE (Line Drive, 6M)
Jorge Borbón scores
Carlos Garza to second
Batting: RHB Matías Torrella 0-0: Foul Ball, location: 2F
0-1: Ball
1-1: Swinging Strike
1-2: Fielders Choice at 2nd, 6-4 (Groundball, 6)
Top of the 6th over - 1 run(s), 3 hit(s), 0 error(s), 1 left on base; Sun Prairie 1 - Mercer Island 3
BOTTOM OF THE 6TH
Mercer Island Screaming Eagles batting - Pitching for Sun Prairie Swallows : RHP Horacio Pérez
Batting: RHB Leonardo Ramírez 0-0: Ball
1-0: Called Strike
1-1: Ball
2-1: Ball
3-1: Base on Balls
Batting: RHB Marcos Reyes 0-0: Ball
1-0: Foul Ball, location: 2F
1-1: Swinging Strike
1-2: Ball
2-2: Fly out, F8 (Flyball, 8LM)
Batting: SHB León Estrada 0-0: Ball
1-0: Called Strike
1-1: DOUBLE (Line Drive, 78M)
Leonardo Ramírez to third
Leonardo Ramírez scores
Pinch Runner at 2nd León Domínguez:
Batting: RHB Robert Paulsen 0-0: Ball
León Domínguez is caught stealing 3rd base
1-0: Fly out, F7 (Flyball, 7LM)
Bottom of the 6th over - 1 run(s), 1 hit(s), 0 error(s), 0 left on base; Sun Prairie 1 - Mercer Island 4
TOP OF THE 7TH
Sun Prairie Swallows batting - Pitching for Mercer Island Screaming Eagles : RHP Calvin Beck
Now at 3B: León Domínguez
Batting: RHB Dan Hart 0-0: Ball
1-0: Swinging Strike
1-1: Called Strike
1-2: Strikes out swinging
Batting: RHB Darby Carveth 0-0: Ball
1-0: Foul Ball, location: 2F
1-1: Fly out, F2 (Popup, 5S)
Batting: RHB José Silva 0-0: Called Strike
0-1: Ground out 5-3 (Groundball, 56)
Top of the 7th over - 0 run(s), 0 hit(s), 0 error(s), 0 left on base; Sun Prairie 1 - Mercer Island 4
BOTTOM OF THE 7TH
Mercer Island Screaming Eagles batting - Pitching for Sun Prairie Swallows : RHP Horacio Pérez
Batting: RHB Sergio Anruvio 0-0: Ball
1-0: Ball
2-0: Ground out 4-3 (Groundball, 4)
Batting: RHB Alfredo García 0-0: Ground out 5-3 (Groundball, 56)
Batting: RHB Gerjan de Best 0-0: Ball
1-0: Foul Ball, location: 2F
1-1: Fly out, F7 (Flyball, 7)
Bottom of the 7th over - 0 run(s), 0 hit(s), 0 error(s), 0 left on base; Sun Prairie 1 - Mercer Island 4
TOP OF THE 8TH
Sun Prairie Swallows batting - Pitching for Mercer Island Screaming Eagles : RHP Calvin Beck
Batting: RHB Ghislain Vespucci 0-0: Called Strike
0-1: Fly out, F8 (Flyball, 8RS)
Batting: LHB Jorge Borbón 0-0: Foul Ball, location: 2F
0-1: Swinging Strike
0-2: Strikes out looking
Batting: RHB Luis Hernández 0-0: Called Strike
0-1: Ball
1-1: SINGLE (Groundball, 34D)
Batting: LHB Carlos Garza 0-0: Called Strike
0-1: Called Strike
0-2: Ball
1-2: Foul Ball, location: 2F
1-2: Ball
2-2: Ball
3-2: Strikes out swinging
Top of the 8th over - 0 run(s), 1 hit(s), 0 error(s), 1 left on base; Sun Prairie 1 - Mercer Island 4
BOTTOM OF THE 8TH
Mercer Island Screaming Eagles batting - Pitching for Sun Prairie Swallows : RHP Horacio Pérez
Batting: RHB Hank Scorpio 0-0: Ball
1-0: Fly out, F9 (Flyball, 9)
Batting: RHB Vincente Flores 0-0: Swinging Strike
0-1: Called Strike
0-2: Ball
1-2: Fly out, F7 (Flyball, 7)
Batting: RHB Leonardo Ramírez 0-0: Ball
1-0: Ball
2-0: Swinging Strike
2-1: Ground out 6-3 (Groundball, 6)
Bottom of the 8th over - 0 run(s), 0 hit(s), 0 error(s), 0 left on base; Sun Prairie 1 - Mercer Island 4
TOP OF THE 9TH
Sun Prairie Swallows batting - Pitching for Mercer Island Screaming Eagles : RHP Calvin Beck
Pitching: RHP Greg Davis
Batting: RHB José Sánchez 0-0: Ball
1-0: Called Strike
1-1: Swinging Strike
1-2: SINGLE (Groundball, 56D)
Batting: RHB Matías Torrella 0-0: Called Strike
0-1: Foul Ball, location: 2F
0-2: Ball
1-2: Fly out, F9 (Flyball, 9LS)
Batting: RHB Dan Hart 0-0: Fly out, F9 (Flyball, 9LS)
Batting: RHB Darby Carveth 0-0: Fly out, F7 (Flyball, 7)
Top of the 9th over - 0 run(s), 1 hit(s), 0 error(s), 1 left on base; Sun Prairie 1 - Mercer Island 4
Friday, December 30th, 2016 - OOTP Baseball 17.12 Build 75